Map: Muro dorado EE

Players

MrFercho

  • Race: Zerg Zerg
  • League: Silver
  • Spawn Location: 5:00

Essence - Winner!

  • Race: Protoss Protoss
  • League: Gold
  • Spawn Location: 7:00

VOD

Have the link to the VOD?

Description

Time

  • Played on: June 20, 2020, 10:02 p.m.
  • Length: 15:38
Show
View Real Time Build Order
Export as new Build Order

MrFercho Zerg 

Build Orders: Hatch First 

Get SALT Encoding   

  12  0:01  Drone  
  13  0:15  Overlord  
  13  0:21  Drone  
  14  0:34  Drone x2  
  16  0:52  Drone  
  17  1:05  Drone x2  
  17  1:11  Hatchery  
  18  1:17  Drone  
  19  1:20  Drone  
  19  1:21  Spawning Pool  
  19  1:36  Extractor  
  19  1:37  Drone  
  19  1:42  Drone  
  20  2:00  Drone  
  21  2:11  Overlord  
  21  2:22  Queen  
  23  2:23  Queen  
  23  2:25  Drone x2  
  27  2:30  Extractor  
  27  2:33  Drone  
  27  2:34  Drone  
  27  2:36  Drone  
  29  2:54  Drone x2  
  29  2:55  Drone  
  29  2:57  Drone  
  33  3:08  Drone x2  
  35  3:25  Drone  
  35  3:26  Overlord  
  36  3:46  Drone x8  
  44  3:55  Roach Warren  
  44  4:01  Lair  
  43  4:07  Overlord x3  
  43  4:14  Queen, Hatchery  
  44  4:19  Overlord x2  
  44  4:27  Zergling x4  
  40  4:39  Roach x4  
  43  4:45  Spine Crawler  
  33  5:06  Roach x5  
  36  5:16  Roach  
  36  5:20  Drone x2  
  40  5:30  Spore Crawler  
  39  5:42  Overlord x2  
  39  5:47  Drone x3  
  39  5:48  Drone  
  43  5:59  Extractor  
  43  6:03  Extractor  
  41  6:13  Drone x8  
  41  6:14  Drone  
  50  6:24  Drone x2  
  52  6:36  Overlord  
  52  6:37  Drone  
  52  6:38  Drone x3  
  53  6:45  Queen  
  50  7:10  Queen  
  50  7:13  Spine Crawler x2  
  50  7:15  Spine Crawler  
  43  7:42  Drone x8  
  44  7:51  Roach Warren  
  43  8:15  Spore Crawler  
  42  8:22  Spine Crawler  
  42  8:24  Drone x8  
  49  8:32  Glial Reconstitution  
  49  8:33  Hydralisk Den  
  48  8:38  Drone x4  
  52  8:51  Drone x2  
  52  8:55  Hatchery  
  53  8:57  Drone x2  
  53  9:04  Grooved Spines  
  53  9:06  Drone x2  
  55  9:14  Hydralisk x4  
  62  9:33  Spine Crawler  
  61  10:01  Drone x6  
  67  10:07  Extractor  
  66  10:14  Drone x2  
  66  10:15  Muscular Augments  
  66  10:18  Queen  
  70  10:21  Hatchery  
  70  10:27  Evolution Chamber  
  68  10:33  Hydralisk x2  
  72  10:41  Hydralisk x2  
  76  10:46  Drone x2  
  76  10:52  Overseer  
  75  11:26  Spore Crawler  
  75  11:27  Drone  
  75  11:28  Drone x5  
  80  11:40  Overlord x2  
  80  11:47  Hatchery  
  79  11:50  Hatchery  
  78  11:58  Hydralisk x2  
  82  12:01  Drone  
  82  12:02  Drone  
  82  12:08  Ravager  
  85  12:21  Overseer  
  85  12:25  Hydralisk x7  
  85  12:26  Hatchery  
  98  12:38  Overlord  
  98  12:39  Overlord x2  
  98  12:40  Overlord x2  
  88  12:55  Zerg Missile Weapons Level 1  
  88  13:12  Hydralisk  
  88  13:13  Hydralisk x8  
  106  13:22  Drone  
  106  13:23  Drone x7  
  112  13:38  Extractor  
  112  13:40  Extractor  
  110  13:45  Hatchery  
  109  13:59  Drone x7  
  109  14:00  Drone x5  
  121  14:18  Hydralisk x5  
  131  14:26  Hydralisk x5  
  110  14:48  Hydralisk x3  
  73  15:02  Hydralisk x3  
Show
View Real Time Build Order
Export as new Build Order

Essence Protoss - Winner!

Build Orders:  

Get SALT Encoding   

  12  0:00  Probe  
  13  0:13  Probe  
  14  0:17  Pylon  
  14  0:24  Probe  
  15  0:32  Probe  
  15  0:38  Gateway  
  15  0:40  Probe  
  16  0:48  Assimilator  
  17  0:51  Probe  
  18  1:03  Assimilator, Probe  
  19  1:15  Probe  
  20  1:25  Cybernetics Core  
  20  1:27  Probe  
  20  1:29  Pylon  
  21  1:39  Probe  
  22  1:51  Probe  
  23  2:01  Pylon  
  23  2:04  Pylon, Probe  
  24  2:08  Robotics Facility  
  24  2:10  Robotics Facility  
  24  2:20  Adept  
  26  2:27  Warp Gate, Pylon  
  26  2:42  Immortal  
  30  2:59  Immortal  
  34  3:14  Warp Prism  
  34  3:24  Pylon  
  36  3:39  Observer  
  37  3:44  Nexus  
  37  3:50  Probe  
  37  3:51  Observer  
  39  4:08  Gateway  
  39  4:09  Gateway  
  39  4:10  Probe  
  40  4:23  Probe  
  41  4:34  Immortal  
  41  4:35  Probe  
  46  4:47  Probe  
  46  4:51  Pylon  
  47  4:54  Pylon  
  47  4:56  Probe  
  48  5:00  Pylon  
  48  5:09  Probe  
  48  5:10  Probe  
  48  5:12  Stalker  
  52  5:33  Probe  
  53  5:36  Stalker x3  
  53  5:37  Probe  
  60  5:45  Probe  
  60  5:49  Probe  
  62  5:53  Forge  
  62  5:56  Forge  
  61  5:58  Probe  
  62  6:10  Probe x2  
  64  6:11  Pylon x2  
  64  6:17  Protoss Ground Weapons Level 1  
  64  6:18  Protoss Ground Armor Level 1  
  64  6:27  Probe  
  64  6:30  Immortal  
  69  6:39  Probe  
  70  6:41  Probe  
  71  7:02  Probe  
  71  7:04  Nexus  
  71  7:06  Observer  
  71  7:07  Twilight Council, Photon Cannon  
  72  7:09  Stalker  
  72  7:10  Stalker  
  72  7:13  Pylon  
  76  7:18  Assimilator  
  76  7:20  Observer x2  
  76  7:22  Assimilator  
  78  7:31  Immortal x2  
  86  7:44  Stalker  
  86  7:47  Stalker  
  90  7:53  Probe  
  91  7:59  Pylon  
  91  8:01  Pylon  
  91  8:03  Pylon  
  91  8:04  Blink  
  91  8:10  Probe  
  92  8:17  Sentry x2, Pylon  
  96  8:21  Pylon  
  96  8:25  Stargate  
  96  8:31  Probe  
  96  8:33  Protoss Ground Weapons Level 2  
  97  8:36  Stalker  
  97  8:37  Shield Battery  
  97  8:39  Probe x2  
  97  8:41  Probe  
  101  8:47  Probe  
  101  8:48  Probe  
  102  8:49  Probe  
  102  8:51  Protoss Ground Armor Level 2  
  105  8:55  Probe  
  105  8:57  Probe  
  105  9:00  Probe  
  107  9:03  Assimilator  
  107  9:08  Assimilator  
  108  9:17  Dark Shrine  
  108  9:27  Immortal  
  112  9:39  Probe x2  
  112  9:40  Probe  
  115  9:51  Probe  
  115  9:52  Probe  
  117  10:03  Nexus  
  117  10:06  Assimilator  
  117  10:07  Assimilator, Robotics Bay  
  117  10:10  Phoenix  
  117  10:11  Pylon  
  119  10:28  Nexus  
  119  10:30  Assimilator  
  119  10:31  Charge  
  119  10:34  Assimilator  
  119  10:39  Pylon, Dark Templar x3  
  125  10:47  Gateway  
  125  10:51  Gateway  
  125  10:54  Extended Thermal Lance  
  125  10:58  Colossus x2  
  125  11:07  Photon Cannon  
  125  11:09  Shield Battery  
  137  11:18  Probe  
  137  11:19  Probe x2  
  140  11:28  Gateway  
  140  11:30  Gateway  
  140  11:38  Probe x4  
  144  11:45  Probe  
  144  11:46  Protoss Ground Weapons Level 3  
  145  11:50  Probe x4  
  145  11:51  Protoss Ground Armor Level 3, Colossus x2  
  149  11:58  Probe  
  162  12:15  Probe x2  
  164  12:16  Probe  
  164  12:18  Probe x2  
  167  12:27  Probe x2  
  169  12:34  Zealot x3  
  169  12:35  Zealot x4  
  175  12:56  Colossus x2  
  181  13:02  Photon Cannon  
  181  13:04  Shield Battery  
  181  13:06  Pylon  
  181  13:08  Dark Templar x4  
  181  13:09  Dark Templar x2  
  192  13:12  Archon  
  192  13:13  Archon x2  
  192  13:37  Zealot  
  192  13:55  Photon Cannon  
  192  13:56  Pylon  
  192  14:00  Gravitic Boosters  
  192  14:16  Assimilator  
  192  14:21  Assimilator  
  192  14:26  Zealot x3  
  192  14:27  Zealot  
  192  15:10  Nexus  
  192  15:12  Pylon  
  192  15:13  Pylon  
Tags
 
Matchup
PvZ
Replay Pack
MrFercho
Spawn Locations
Close Positions
Add a new tag
Caveats
  • Supply blocks, unpowered buildings, or Contaminate may cause inaccurate times.
  • Supply counts are checked every 10 seconds.